 Dungeon Sprint DCSS version bcrawl-1.15.1 (webtiles) character file.

Game seed: 10634823375932357243

1248 Nivan the Unseen (level 8, -3/63 HPs)
             Began as a Human Rogue on Sept 27, 2019.
             Was a Follower of Okawaru.
             Slain by a centaur warrior (10 damage)
             ... in the Dungeon (Sprint I: "Red Sonja").
             The game lasted 00:08:50 (564 turns).

Nivan the Unseen (Human Rogue)                       Turns: 564, Time: 00:08:51

Health: -3/63      AC:  3    Str: 12    XL:     8   Next: 79%
Magic:  11/11      EV: 12    Int: 11    God:    Okawaru [*.....]
Gold:   270        SH:  0    Dex: 17    Spells: 7/7 levels left

rFire    . . .     SeeInvis .   p - +1 dagger (chaos)
rCold    . . .     Gourm    .   (no shield)
rNeg     . . .     Faith    .   c - +0 robe
rPois    .         Spirit   .   (no helmet)
rElec    .         Reflect  .   d - +0 cloak
rCorr    .         Harm     .   (no gloves)
MR       .....     NoTele   +   (no boots)
Stlth    ++++......             (no amulet)
HPRegen  0.20/turn              (no ring)
MPRegen  0.12/turn              (no ring)

@: very slow
A: no striking features
a: Heroism, Renounce Religion


You were in the Dungeon.
You worshipped Okawaru.
Okawaru was aware of your devotion.
You were not hungry.

You visited 1 branch You collected 270 gold pieces.

Inventory:

Hand Weapons
 a - a +2 dagger
 b - a +0 blowgun
 p - a +1 dagger of chaos (weapon)
Missiles
 e - 80 poisoned needles
Armour
 c - a +0 robe (worn)
 d - a +0 cloak (worn)
Wands
 f - a wand of flame (15)
 g - a wand of enslavement (15)
 o - a wand of polymorph (7)
Scrolls
 n - a scroll of blinking
Potions
 j - a potion of heal wounds
 k - a potion of haste
 l - 2 potions of magic
 m - a potion of berserk rage
Comestibles
 h - 2 rations {!d}


   Skills:
 + Level 5.6 Fighting
 + Level 7.2 Short Blades
 + Level 0.9 Dodging
 + Level 17.9 Stealth
 + Level 5.2 Evocations


You had 7 spell levels left.
You didn't know any spells.
Your spell library contained the following spells:

 Spells                   Type           Power        Failure   Level  Hunger
 Corona                   Hex            #......      34%         1    ##.....
 Ensorcelled Hibernation  Hex/Ice        #.....       47%         2    ###....
 Confuse                  Hex            #.......     71%         3    ####...
 Dazzling Spray           Conj/Hex       #.....       71%         3    ####...
 Tukima's Dance           Hex            #.......     71%         3    ####...


Dungeon Overview and Level Annotations

Branches:
Dungeon (1/1)

Altars:
Cheibriados
Dithmenos
Elyvilon
Fedhas
Gozag
Hepliaklqana
Kikubaaqudgha
Lugonu
Makhleb
Nemelex Xobeh
Okawaru
Qazlal
Ru
Sif Muna
Trog
Uskayaw
Vehumet
Wu Jian
Xom
Yredelemnul
Zin
The Shining One
Jiyva

Shops:
D ?


Message History

The centaur warrior hits you but does no damage.
The centaur warrior closely misses you.
Your unstable footing causes you to fumble your attack.
The centaur warrior hits you but does no damage.
The centaur warrior barely misses you.
Your unstable footing causes you to fumble your attack.
The centaur warrior misses you. The centaur warrior barely misses you.
Your unstable footing causes you to fumble your attack.
The centaur warrior hits you but does no damage.
The centaur warrior hits you!
Your unstable footing causes you to fumble your attack.
The centaur warrior hits you.
* * * LOW HITPOINT WARNING * * *
The centaur warrior hits you!
* * * LOW HITPOINT WARNING * * *
You completely miss the centaur warrior.
The centaur warrior is lightly wounded.
The centaur warrior misses you. The centaur warrior closely misses you.
You closely miss the centaur warrior. The centaur warrior hits you!
You die...

########################
.#.)'..#.)'..#__#..'..)#
.'..#.)'..#..'..'..#...#
.#####'#####'#__####)..+
.####..# #§####§$#####
.#__#### ##§#§§≈§§#
.#_____##+#§§§§§@c§+
⌠#_.∩...'..§§#≈≈§c§#
##_..__##_.#§##+####
#_____###+#.# #######
###


You could see 2 centaur warriors.

Vanquished Creatures
  2 kobold demonologists (D)
  A slime creature (D)
  Sigmund (D)
  A yak (D)
  A floating eye (D)
  An ogre (D)
  A jelly (D)
  Ijyb (D)
9 creatures vanquished.

Notes
Turn   | Place    | Note
-------+----------+-------------------------------------------
     0 | D        | Nivan the Human Rogue began the quest for the Orb.
     0 | D        | Reached XP level 1. HP: 16/16 MP: 2/2
     1 | D        | Noticed Ijyb
     4 | D        | Killed Ijyb
     4 | D        | Reached skill level 7 in Stealth
     4 | D        | Reached XP level 2. HP: 23/23 MP: 4/4
     4 | D        | Reached XP level 3. HP: 28/28 MP: 5/5
     9 | D        | Noticed an ogre
    12 | D        | Killed an ogre
    12 | D        | Reached skill level 10 in Stealth
    12 | D        | Reached XP level 4. HP: 35/35 MP: 6/6
    12 | D        | Reached XP level 5. HP: 41/41 MP: 7/7
    21 | D        | Noticed Sigmund
    24 | D        | Killed Sigmund
    24 | D        | Reached skill level 5 in Short Blades
    24 | D        | Reached skill level 13 in Stealth
    24 | D        | Reached XP level 6. HP: 48/48 MP: 7/9
    36 | D        | Found a shimmering blue altar of Sif Muna.
    37 | D        | Found an ornate altar of the Wu Jian Council.
    38 | D        | Found a radiant altar of Vehumet.
    45 | D        | Found Haacke Ekuy's Magic Scroll Emporium.
    45 | D        | Found an ancient bone altar of Kikubaaqudgha.
    45 | D        | Found a hazy altar of Hepliaklqana.
    45 | D        | Found a stormy altar of Qazlal.
    45 | D        | Found a hide-covered altar of Uskayaw.
    45 | D        | Found a blossoming altar of Fedhas.
    45 | D        | Found a bloodstained altar of Trog.
    45 | D        | Found an iron altar of Okawaru.
    45 | D        | Found a basalt altar of Yredelemnul.
    45 | D        | Found a glowing golden altar of the Shining One.
    45 | D        | Found a snail-covered altar of Cheibriados.
    45 | D        | Found a sacrificial altar of Ru.
    45 | D        | Found a glowing silver altar of Zin.
    45 | D        | Found a shadowy altar of Dithmenos.
    45 | D        | Found a white marble altar of Elyvilon.
    45 | D        | Noticed a yak
    46 | D        | Found an opulent altar of Gozag.
    47 | D        | Killed a yak
    47 | D        | Reached skill level 14 in Stealth
    47 | D        | Reached XP level 7. HP: 55/55 MP: 10/10
    48 | D        | Found a sparkling altar of Nemelex Xobeh.
    53 | D        | Became a worshipper of Warmaster Okawaru
    75 | D        | Found a burning altar of Makhleb.
    75 | D        | Found a viscous altar of Jiyva.
    75 | D        | Found a shimmering altar of Xom.
    75 | D        | Found a corrupted altar of Lugonu.
    75 | D        | Noticed a slime creature
    90 | D        | Killed a slime creature
    90 | D        | Reached skill level 15 in Stealth
   316 | D        | Noticed a kobold demonologist
   317 | D        | Noticed a kobold demonologist
   319 | D        | Reached skill level 5 in Fighting
   319 | D        | Reached skill level 16 in Stealth
   319 | D        | Reached skill level 5 in Evocations
   319 | D        | Reached XP level 8. HP: 61/62 MP: 11/11
   321 | D        | Killed a kobold demonologist
   321 | D        | Reached * piety under Okawaru
   321 | D        | Reached skill level 17 in Stealth
   322 | D        | Noticed an orange demon
   327 | D        | Noticed an orange demon
   333 | D        | Killed a kobold demonologist
   551 | D        | Noticed a centaur warrior
   551 | D        | Noticed a centaur warrior
   564 | D        | Slain by a centaur warrior

Skill      XL: |  1  2  3  4  5  6  7  8 |
---------------+-------------------------+-----
Stealth        | 7 10 13 14 16 17 | 17.9
Fighting       | 3 4 5 |  5.6
Short Blades   | 4 5 6 7 |  7.2
Evocations     | 3 4 5 |  5.2
Dodging        | |  0.9

Action                   |  1- 3 |  4- 6 |  7- 9 || total
-------------------------+-------+-------+-------++-------
Melee: Dagger            |     2 |     3 |    32 ||    37
  Use: Scroll            |       |       |     1 ||     1
       Potion            |       |       |     1 ||     1
 Stab: Sleeping          |     2 |     3 |     2 ||     7
       Held in net/web   |       |       |     1 ||     1
Armor: Robe              |       |       |     6 ||     6
Dodge: Dodged            |       |       |    18 ||    18
